Map: Arctic Dream LE

Players

RyuKey - Winner!

  • Race: Terran Terran
  • League: Diamond
  • Spawn Location: 6:00

darkpheonix - Winner!

  • Race: Protoss Protoss
  • Spawn Location: 5:00

VOD

Have the link to the VOD?

Description

Time

  • Played on: June 17, 2020, 10:25 a.m.
  • Length: 26:58
Show
View Real Time Build Order
Export as new Build Order

RyuKey Terran - Winner!

Build Orders:  

Get SALT Encoding   

  12  0:06  SCV  
  13  0:56  SCV  
  14  1:15  SCV  
  15  1:27  Supply Depot  
  15  2:00  Barracks  
  15  2:01  SCV  
  15  2:07  Refinery  
  16  2:12  Refinery  
  16  2:18  SCV  
  17  2:35  SCV  
  18  3:04  SCV  
  19  3:14  Marine  
  20  3:22  Orbital Command  
  20  3:57  Barracks Reactor  
  20  4:06  Barracks  
  20  5:09  SCV  
  21  5:37  Barracks Tech Lab  
  21  5:44  Factory  
  23  5:54  Reaper x2  
  23  6:27  Supply Depot  
  23  6:31  Stimpack, Supply Depot  
  23  6:46  Starport  
  23  6:47  Factory Reactor  
  23  6:51  Factory Tech Lab  
  23  6:57  Marine x2, Marauder, SCV  
  28  7:10  Supply Depot  
  28  7:13  Supply Depot  
  28  7:14  SCV  
  29  7:26  Siege Tank  
  32  7:31  SCV  
  33  7:47  Marauder  
  33  7:48  Marine x2, SCV  
  38  7:51  Medivac  
  38  7:55  Command Center  
  38  7:58  Supply Depot  
  40  8:05  SCV  
  41  8:13  Marine  
  42  8:29  Supply Depot  
  42  8:32  Marauder  
  42  8:33  Marine  
  42  8:38  Marine  
  46  8:58  Marine  
  47  9:02  Marauder  
  49  9:11  Siege Tank  
  55  9:22  Supply Depot  
  55  9:38  Orbital Command  
  55  9:40  Refinery  
  55  9:42  Refinery  
  55  9:44  SCV  
  56  9:56  Siege Tank  
  59  10:01  SCV  
  59  10:02  Marine x3  
  63  10:13  Siege Tank  
  63  10:16  Medivac, Unknown  
  63  10:18  SCV  
  66  10:22  Armory  
  66  10:27  Marine x2  
  66  10:28  Engineering Bay  
  68  10:34  SCV  
  68  10:41  Siege Tank  
  71  10:50  SCV  
  71  10:51  SCV  
  73  11:07  SCV  
  74  11:15  Marine, Marauder  
  74  11:16  Marine  
  74  11:18  Starport Reactor  
  78  11:24  SCV  
  78  11:29  Barracks  
  79  11:32  Barracks  
  79  11:39  Barracks  
  79  11:40  Marine  
  79  11:41  Marine, SCV  
  79  11:45  Marauder  
  79  11:49  Supply Depot  
  84  11:52  Terran Vehicle Weapons Level 1  
  84  11:58  SCV  
  85  12:02  Supply Depot  
  85  12:05  Marine  
  85  12:07  Unknown  
  89  12:37  SCV  
  90  12:42  SCV  
  91  12:53  SCV  
  91  12:59  SCV  
  93  13:10  SCV  
  93  13:15  Unknown  
  93  13:16  SCV  
  95  13:24  Supply Depot  
  95  13:27  SCV, Barracks Reactor  
  95  13:28  Barracks Reactor, Barracks Tech Lab  
  96  13:38  SCV  
  97  13:44  SCV  
  98  13:54  Marine  
  98  13:55  Marine x3, SCV  
  103  14:02  Command Center  
  103  14:07  Thor  
  109  14:12  SCV  
  109  14:19  Marine  
  111  14:20  Marine x3  
  111  14:29  SCV  
  115  14:35  Terran Vehicle And Ship Armor Level 1  
  115  14:41  Armory  
  115  14:44  Marine  
  115  14:48  Supply Depot  
  116  14:54  Concussive Shells  
  116  14:59  Siege Tank x3  
  116  15:01  Marauder  
  116  15:04  Marine  
  116  15:09  Supply Depot  
  118  15:17  Supply Depot  
  118  15:18  Marine x5, Marauder  
  125  15:30  Supply Depot  
  125  15:39  Marauder, Thor  
  133  15:40  Supply Depot  
  133  15:43  Marine  
  133  15:48  Marauder  
  136  16:21  Medivac x2  
  136  16:25  Terran Vehicle Weapons Level 2  
  136  16:29  Supply Depot  
  139  17:28  Thor  
  145  17:48  Supply Depot  
  145  17:58  Orbital Command  
  145  18:26  Refinery x2  
  145  18:28  Thor  
  151  19:12  Siege Tank x2  
  151  19:18  Siege Tank  
  151  19:28  Thor  
  157  20:28  Thor  
  160  22:20  SCV  
  161  22:37  SCV  
  162  22:54  SCV  
  163  23:11  SCV  
  164  23:28  SCV  
Show
View Real Time Build Order
Export as new Build Order

darkpheonix Protoss - Winner!

Build Orders:  

Get SALT Encoding   

  12  0:57  Assimilator  
  12  1:06  Assimilator  
  12  1:19  Probe (Chrono Boost)  
  13  1:36  Probe (Chrono Boost)  
  14  1:53  Probe (Chrono Boost)  
  15  2:54  Pylon  
  16  3:22  Probe (Chrono Boost)  
  16  3:25  Pylon  
  16  4:18  Probe (Chrono Boost)  
  17  4:35  Probe (Chrono Boost)  
  18  5:09  Gateway  
  18  5:22  Forge  
  18  6:35  Zealot  
  20  7:13  Zealot  
  22  7:51  Zealot  
  24  8:08  Protoss Ground Weapons Level 1  
  24  8:29  Zealot  
  26  8:55  Photon Cannon  
  26  9:07  Zealot  
  28  9:37  Photon Cannon  
  28  9:45  Zealot  
  30  10:58  Pylon  
  30  11:08  Protoss Ground Armor Level 1  
  30  11:38  Pylon  
  30  12:54  Cybernetics Core  
  30  13:50  Photon Cannon  
  30  14:01  Shield Battery  
  30  14:25  Stargate  
  30  14:33  Robotics Facility  
  32  15:48  Stalker, Unknown  
  34  16:30  Sentry  
  36  16:53  Void Ray  
  40  17:07  Sentry  
  42  17:44  Stalker  
  42  17:48  Pylon  
  44  17:58  Pylon  
  44  18:12  Fleet Beacon  
  44  18:13  Void Ray  
  48  19:13  Void Ray  
  60  21:24  Unknown  
  60  21:44  Unknown  
  60  22:12  Unknown  
Tags
 
Add a new tag
Caveats
  • Supply blocks, unpowered buildings, or Contaminate may cause inaccurate times.
  • Supply counts are checked every 10 seconds.